 Dungeon Crawl Stone Soup version 0.22.0-60-ga52c2fcf6e (webtiles) character file.

1178 denis1488 the Slasher (level 8, -2/62 HPs)
             Began as a Demonspawn Gladiator on Sept 9, 2018.
             Was an Initiate of Cheibriados.
             Slain by an orc warrior
             ... wielding a +0 glaive
              (8 damage)
             ... on level 5 of the Dungeon.
             The game lasted 00:09:04 (4884 turns).

denis1488 the Slasher (Demonspawn Gladiator)        Turns: 4884, Time: 00:09:04

Health: -2/62      AC:  8    Str: 16    XL:     8   Next: 18%
Magic:  0/8        EV: 16    Int: 11    God:    Cheibriados [......]
Gold:   376        SH:  8    Dex: 17    Spells: 7/7 levels left

rFire    . . .     SeeInvis +   a - +0 long sword
rCold    . . .     Gourm    .   i - +3 buckler
rNeg     . . .     Faith    .   y - +2 leather armour {rPois}
rPois    +         Spirit   +   c - +1 helmet
rElec    .         Reflect  .   (no cloak)
rCorr    .         Harm     .   n - +0 pair of gloves
MR       .....                  (no boots)
Stlth    +.........             (no amulet)
HPRegen  0.20/turn              u - ring of see invisible
MPRegen  0.22/turn              (no ring)

@: lethally poisoned (-2 -> -2), very slow
A: claws 1, repulsion field 2, magic shield, magic regeneration
a: Bend Time, Renounce Religion


You were on level 5 of the Dungeon.
You worshipped Cheibriados.
Cheibriados was noncommittal.
You were not hungry.

You visited 2 branches of the dungeon, and saw 7 of its levels.

You collected 376 gold pieces.

Inventory:

Hand Weapons
 a - a +0 long sword (weapon)
Missiles
 d - 3 throwing nets (quivered)
Armour
 c - a +1 helmet (worn)
 i - a +3 buckler (worn)
 n - a +0 pair of gloves (worn)
 y - a +2 leather armour of poison resistance (worn)
Jewellery
 u - a ring of see invisible (left hand)
 w - an uncursed ring of resist corrosion {unknown}
 C - an uncursed amulet of the gourmand {unknown}
Wands
 o - a wand of acid (10)
 q - a wand of polymorph (9)
 v - a wand of iceblast (13)
Scrolls
 b - a scroll of enchant weapon {unknown}
 e - 8 scrolls of identify
 h - a scroll of teleportation
 k - 5 scrolls of remove curse
 r - a scroll of fear {unknown}
 x - a scroll of amnesia {unknown}
Potions
 g - a potion of agility {unknown}
 j - a potion of mutation {unknown}
 l - a potion of flight {unknown}
 m - 2 potions of berserk rage {unknown}
 p - 4 potions of curing {unknown}
 s - a potion of degeneration {unknown}
 t - 2 potions of heal wounds
 z - 2 potions of might {unknown}
 A - a potion of resistance {unknown}
Comestibles
 f - 9 rations
 B - 2 chunks of flesh


   Skills:
 + Level 5.3 Fighting
 * Level 7.0 Long Blades
 - Level 1.7 Throwing
 - Level 2.6 Dodging
 - Level 4.0 Shields


You had 7 spell levels left.
You didn't know any spells.
Your spell library contained the following spells:

 Spells                   Type           Power        Failure   Level  Hunger
 Magic Dart               Conj           #...         41%         1    ##.....
 Blink                    Tloc           N/A          54%         2    ###....
 Call Imp                 Summ           #.......     54%         2    ###....
 Slow                     Hex            #.......     54%         2    ###....
 Conjure Flame            Conj/Fire      #.......     78%         3    ####...
 Mephitic Cloud           Conj/Pois/Air  #.......     78%         3    ####...


Dungeon Overview and Level Annotations

Branches:
Dungeon (6/15)             Temple (1/1) D:5

Altars:
Ashenzari
Cheibriados
Dithmenos
Fedhas
Gozag
Kikubaaqudgha
Makhleb
Nemelex Xobeh
Qazlal
Ru
Sif Muna
Trog
Uskayaw
Vehumet
Wu Jian
Yredelemnul
Zin
The Shining One

Shops:
D:4 [


Innate Abilities, Weirdness & Mutations

You have sharp fingernails.
You are surrounded by a moderate repulsion field. (EV +3)
When hurt, damage is shared between your health and your magic reserves.
You regenerate magic rapidly.


Message History

You closely miss the orc warrior.
The orc warrior is lightly wounded.
The orc warrior hits you with a glaive!
You hit the orc warrior but do no damage.
The orc warrior is lightly wounded.
You feel sick. The orc warrior closely misses you.
You barely miss the orc warrior.
The orc warrior is lightly wounded.
You hit the orc warrior but do no damage.
The orc warrior is lightly wounded.
The orc warrior hits you with a glaive!
* * * LOW HITPOINT WARNING * * *
You slash the orc warrior!
The orc warrior is severely wounded.
You block the orc warrior's attack.
Okay, then.
You hit the orc warrior.
The orc warrior is almost dead.
You feel sick. The orc warrior hits you with a glaive!
You die...

.............................#
##########################.#.#
..........#..............#.#.#
........#.#.##.....#####.#.#.#
.###....#.#.##.###.# #.#.#.#
.# #....#.#.##.# #.# #.#.#.#
.###....#.#.##.###.#####.#.#.#
...............o>#.......#.#.#
.###....#.######@######..#.#.#
.# #....#......#.# #..#.#.# .#
#....######.#.# #..#.#.# .#
#....# #.#.# #..#.#.# ##
#....# #.#.# #..#.#.#
#....######.#.# #..#.#.#
#....#......#.# #..#.#.#
#....#.####.#.# #..#.#.#
####.#.######.# #..#.#.#


You could see an orc warrior.

Vanquished Creatures
  A phantom (D:4)
  A necrophage (D:6)
  2 ogres (D:4)
  2 bullfrogs
  A water moccasin skeleton (D:5)
  A bullfrog zombie (D:6)
  A crimson imp (D:5)
  2 bullfrog skeletons
  An orc priest (D:6)
  A hound (D:6)
  2 orc wizards (D:5)
  2 iguanas (D:4)
  3 worker ants
  2 worker ant zombies (D:6)
  Robin (D:3)
  6 adders
  5 shadow imps
  An ooze (D:4)
  An adder skeleton (D:5)
  5 worms
  2 dart slugs
  3 leopard geckos
  18 orcs
  4 giant cockroaches
  15 goblins
  7 hobgoblins
  14 jackals
  3 quokkas
  A ball python (D:3)
  8 bats
  6 frilled lizards
  A jackal skeleton (D:4)
  3 kobolds
  A leopard gecko skeleton (D:4)
  A quokka zombie (D:5)
  5 rats
133 creatures vanquished.

Notes
Turn   | Place    | Note
-------+----------+-------------------------------------------
     0 | D:1      | denis1488 the Demonspawn Gladiator began the quest for the
                  | Orb.
     0 | D:1      | Reached XP level 1. HP: 16/16 MP: 1/1
    69 | D:1      | Reached skill level 3 in Long Blades
   126 | D:1      | Gained mutation: You are surrounded by a mild repulsion
                  | field. (EV +2) [demonic ancestry]
   126 | D:1      | Reached XP level 2. HP: 19/22 MP: 2/2
   708 | D:2      | Gained mutation: When hurt, damage is shared between your
                  | health and your magic reserves. [demonic ancestry]
   708 | D:2      | Reached XP level 3. HP: 28/28 MP: 3/3
  1258 | D:2      | Found a basalt altar of Yredelemnul.
  1353 | D:3      | Reached skill level 1 in Shields
  1430 | D:3      | Reached XP level 4. HP: 33/34 MP: 2/4
  1435 | D:3      | Noticed Robin
  1464 | D:3      | Killed Robin
  1508 | D:3      | Reached skill level 4 in Long Blades
  2162 | D:3      | Gained mutation: You have sharp fingernails. [demonic
                  | ancestry]
  2162 | D:3      | Reached XP level 5. HP: 35/41 MP: 5/5
  2392 | D:4      | Noticed a phantom
  2429 | D:4      | Killed a phantom
  2429 | D:4      | Gained mutation: You regenerate magic rapidly. [demonic
                  | ancestry]
  2429 | D:4      | Reached XP level 6. HP: 30/47 MP: 4/6
  2510 | D:4      | Reached skill level 5 in Long Blades
  2516 | D:4      | Found Demott's Antique Armour Boutique.
  3090 | D:4      | Reached XP level 7. HP: 52/54 MP: 7/7
  3196 | D:5      | Entered Level 5 of the Dungeon
  3408 | D:5      | You fall through a shaft!
  3487 | D:6      | Reached skill level 6 in Long Blades
  3770 | D:6      | Reached skill level 5 in Fighting
  3910 | D:6      | Gained mutation: You are surrounded by a moderate repulsion
                  | field. (EV +3) [demonic ancestry]
  3910 | D:6      | Reached XP level 8. HP: 49/62 MP: 6/8
  4298 | D:5      | Found a staircase to the Ecumenical Temple.
  4305 | D:5      | Reached skill level 7 in Long Blades
  4312 | Temple   | Entered the Ecumenical Temple
  4433 | Temple   | Became a worshipper of Cheibriados the Contemplative
  4535 | D:5      | Found an ornate altar of the Wu Jian Council.
  4536 | D:5      | Found a deep blue altar of Sif Muna.
  4884 | D:5      | Slain by an orc warrior

Skill      XL: |  1  2  3  4  5  6  7  8 |
---------------+-------------------------+-----
Long Blades    | 3 4 5 6 7 |  7.0
Shields        | 1 2 3 4 |  4.0
Fighting       | 3 4 5 |  5.3
Throwing       | |  1.7
Dodging        | |  2.6

Action                   |  1- 3 |  4- 6 |  7- 9 || total
-------------------------+-------+-------+-------++-------
Melee: Long sword        |   116 |   179 |   220 ||   515
  Use: Scroll            |     2 |     9 |       ||    11
       Potion            |       |     1 |       ||     1
 Stab: Sleeping          |       |     2 |       ||     2
  Eat: Chunk             |     2 |     6 |     6 ||    14
Armor: Leather armour    |    31 |    40 |    45 ||   116
Dodge: Dodged            |    91 |   120 |   133 ||   344
Block: Buckler           |    13 |    47 |   105 ||   165
       Rpst.: Long sword |    23 |    36 |    45 ||   104
